Map: Orbital Shipyard

Players

LilDicky - Winner!

  • Race: Terran Terran
  • League: Diamond

Kulthro

  • Race: Protoss Protoss

VOD

http://www.twitch.tv/tumescentpie

Description

Time

  • Played on: Dec. 12, 2015, 10:30 a.m.
  • Length: 15:30
Show
View Real Time Build Order
Export as new Build Order

LilDicky Terran - Winner!

Build Orders: Command Center First (CC), Mech 

Get SALT Encoding   

  12  0:03  SCV  
  13  0:16  SCV  
  14  0:24  Supply Depot  
  14  0:28  SCV  
  15  0:45  SCV  
  16  1:00  Command Center, SCV  
  17  1:15  Barracks  
  17  1:16  SCV  
  18  1:24  Supply Depot  
  18  1:29  SCV  
  19  1:34  Refinery  
  19  1:41  SCV  
  20  1:53  SCV  
  21  2:02  Marine  
  21  2:06  Orbital Command  
  22  2:12  Orbital Command  
  22  2:19  Marine  
  23  2:28  Refinery  
  23  2:35  SCV  
  23  2:38  SCV  
  23  2:39  Marine  
  23  2:43  Factory  
  25  2:48  SCV  
  25  2:50  SCV  
  27  2:57  Marine  
  28  3:00  SCV  
  29  3:10  SCV  
  30  3:14  SCV  
  30  3:15  Marine  
  32  3:22  SCV  
  32  3:26  SCV  
  34  3:29  Starport, Widow Mine  
  34  3:32  Marine  
  37  3:34  SCV  
  37  3:38  SCV  
  39  3:47  SCV  
  40  3:50  SCV, Refinery, Marine  
  40  3:51  Refinery  
  42  3:57  Widow Mine  
  42  3:59  SCV  
  46  4:02  SCV  
  46  4:05  Factory  
  46  4:13  Supply Depot  
  46  4:18  Supply Depot  
  46  4:35  SCV x2, Marine, Medivac, Widow Mine  
  53  4:41  Factory  
  53  4:44  Supply Depot  
  53  4:47  SCV  
  53  4:50  Factory Tech Lab  
  54  5:00  Supply Depot, Barracks Reactor  
  54  5:01  SCV  
  54  5:05  Starport Tech Lab  
  55  5:33  Factory Tech Lab  
  55  5:34  Infernal Pre-Igniter  
  55  5:40  Corvid Reactor  
  58  5:42  Raven  
  58  5:44  SCV  
  58  5:45  Hellion x2  
  58  5:48  SCV  
  63  5:51  Supply Depot  
  63  5:53  Command Center, Siege Tank  
  63  5:55  Siege Tank  
  63  5:56  SCV  
  67  6:23  Widow Mine x2  
  67  6:24  SCV x2  
  74  6:36  SCV  
  74  6:37  Banshee, SCV  
  77  6:45  Starport x2  
  77  6:47  Command Center  
  77  6:48  SCV  
  77  6:49  SCV  
  77  6:53  Engineering Bay  
  75  6:59  Command Center  
  75  7:01  SCV  
  76  7:02  SCV  
  76  7:05  Siege Tank  
  80  7:09  Hellion, Siege Tank  
  80  7:10  Hellion  
  80  7:13  SCV  
  89  7:25  SCV  
  89  7:30  Starport Reactor x2  
  89  7:59  Armory  
  89  8:00  SCV x2  
  89  8:02  Armory, Planetary Fortress  
  91  8:05  Missile Turret  
  91  8:18  Planetary Fortress  
  91  8:27  Command Center  
  91  8:29  Liberator x3  
  91  8:36  SCV x2  
  91  8:38  Missile Turret  
  91  8:39  Orbital Command  
  93  8:43  Refinery  
  93  8:48  SCV  
  103  8:52  Liberator x2  
  103  8:55  SCV  
  104  8:56  Refinery  
  104  9:00  SCV  
  111  9:11  SCV  
  111  9:15  Command Center  
  112  9:25  Command Center, Fusion Core  
  112  9:29  Terran Vehicle Weapons Level 1  
  112  9:34  Command Center  
  112  9:56  SCV x3  
  115  10:07  Liberator x3  
  113  10:08  Command Center, SCV  
  113  10:10  SCV  
  115  10:17  Behemoth Reactor  
  115  10:18  Missile Turret  
  115  10:21  Advanced Ballistics  
  115  10:27  Siege Tank  
  122  10:38  Command Center  
  122  10:39  Command Center  
  122  10:40  Command Center  
  122  10:41  Planetary Fortress  
  122  10:46  Planetary Fortress, Missile Turret  
  122  10:48  Refinery  
  122  10:49  Refinery  
  122  10:55  Missile Turret  
  122  10:56  Refinery  
  122  10:57  Refinery  
  122  10:59  Supply Depot  
  122  11:01  Terran Vehicle And Ship Armor Level 1  
  122  11:06  Liberator x2  
  122  11:12  Armory  
  122  11:16  Refinery  
  122  11:20  Hellion x4  
  136  11:34  Factory  
  136  11:38  SCV x2, Factory  
  138  11:41  Hellion  
  138  11:42  Factory  
  138  11:43  Orbital Command  
  135  11:49  Widow Mine x3  
  139  11:57  Viking x3  
  145  12:01  Supply Depot  
  145  12:02  Widow Mine  
  121  12:17  Widow Mine x2  
  121  12:18  Widow Mine  
  121  12:20  Planetary Fortress x2  
  121  12:21  Planetary Fortress  
  127  12:24  Missile Turret  
  127  12:26  Missile Turret  
  127  12:30  Missile Turret  
  127  12:31  Missile Turret  
  127  12:32  Missile Turret  
  127  12:33  Missile Turret  
  127  12:34  Missile Turret  
  127  12:35  Missile Turret  
  64  13:08  Viking x5  
  64  13:12  Missile Turret  
  74  13:13  Missile Turret  
  74  13:15  Missile Turret  
  74  13:16  Missile Turret  
  74  13:36  SCV x2  
  74  13:37  SCV x2  
  74  13:38  Viking x4  
  81  13:48  SCV  
  81  13:55  SCV x3  
  85  13:56  Missile Turret  
  85  13:57  Missile Turret  
  85  14:05  SCV x2  
  87  14:10  Hellion x3  
  87  14:11  Hellion x4  
  87  14:12  SCV  
  102  14:27  SCV x3  
  102  14:29  Missile Turret  
  102  14:30  Missile Turret  
  102  14:31  Missile Turret  
  105  14:32  Missile Turret  
  105  14:36  SCV, Missile Turret  
  105  14:37  SCV x3  
  109  14:39  SCV  
  110  15:04  Hellion x5  
  110  15:05  Hellion  
  122  15:09  SCV  
  123  15:16  Refinery x2  
Show
View Real Time Build Order
Export as new Build Order

Kulthro Protoss 

Build Orders:  

Get SALT Encoding   

  12  0:01  Probe (Chrono Boost)  
  13  0:12  Probe (Chrono Boost)  
  14  0:20  Pylon  
  14  0:22  Probe (Chrono Boost)  
  15  0:38  Probe (Chrono Boost)  
  16  0:48  Probe (Chrono Boost)  
  17  1:04  Probe (Chrono Boost)  
  18  1:06  Nexus  
  18  1:20  Assimilator  
  18  1:21  Probe (Chrono Boost)  
  19  1:26  Assimilator  
  19  1:32  Probe (Chrono Boost)  
  20  1:38  Gateway  
  20  1:44  Pylon  
  20  1:51  Probe (Chrono Boost)  
  21  2:01  Probe (Chrono Boost)  
  21  2:07  Pylon  
  22  2:14  Probe (Chrono Boost)  
  23  2:19  Probe (Chrono Boost)  
  24  2:28  Cybernetics Core  
  24  2:31  Pylon  
  24  2:44  Probe (Chrono Boost)  
  25  2:54  Gateway  
  25  2:55  Probe (Chrono Boost), Zealot  
  25  2:56  Gateway  
  28  2:59  Probe (Chrono Boost)  
  29  3:06  Probe (Chrono Boost), Warp Gate (Chrono Boost)  
  29  3:09  Probe (Chrono Boost)  
  31  3:15  Robotics Facility  
  31  3:19  Probe (Chrono Boost)  
  33  3:20  Probe (Chrono Boost)  
  33  3:26  Assimilator  
  33  3:29  Probe (Chrono Boost)  
  33  3:31  Stalker  
  36  3:35  Probe  
  36  3:39  Probe  
  38  3:44  Sentry  
  38  3:45  Sentry  
  38  3:47  Probe  
  43  3:56  Probe  
  43  3:59  Probe  
  43  4:01  Stalker  
  47  4:02  Assimilator  
  47  4:06  Probe  
  48  4:16  Observer  
  49  4:17  Probe  
  49  4:22  Pylon  
  50  4:26  Pylon  
  50  4:29  Probe  
  51  4:34  Pylon  
  51  4:38  Stalker x3, Pylon  
  53  4:39  Probe  
  53  4:42  Immortal  
  62  4:50  Probe  
  63  5:00  Probe  
  64  5:11  Probe  
  65  5:17  Stargate  
  65  5:18  Pylon  
  65  5:19  Pylon  
  65  5:21  Pylon  
  65  5:22  Observer  
  65  5:27  Stalker x2  
  65  5:28  Stalker  
  72  5:37  Forge  
  72  5:52  Twilight Council  
  72  5:55  Zealot  
  72  5:56  Zealot x2  
  78  6:01  Void Ray  
  73  6:12  Probe  
  74  6:21  Probe  
  74  6:24  Probe, Protoss Ground Weapons Level 1 (Chrono Boost)  
  76  6:33  Probe  
  76  6:36  Probe  
  77  6:40  Observer  
  77  6:44  Void Ray  
  77  6:45  Probe  
  82  6:48  Probe  
  83  6:57  Zealot x2  
  83  6:58  Zealot  
  83  7:01  Probe  
  90  7:06  Stargate  
  90  7:07  Blink (Chrono Boost)  
  90  7:26  Void Ray  
  92  7:53  Probe  
  93  8:05  Probe  
  94  8:14  Pylon  
  94  8:16  Zealot x2  
  94  8:17  Probe, Zealot  
  97  8:27  Probe  
  97  8:33  Photon Cannon  
  98  8:36  Photon Cannon  
  98  8:39  Probe  
  98  8:41  Zealot x3  
  105  8:55  Charge (Chrono Boost)  
  105  8:59  Void Ray x2  
  105  9:02  Protoss Air Weapons Level 1  
  113  9:15  Protoss Shields Level 1  
  113  9:26  Nexus  
  113  9:30  Assimilator  
  113  9:31  Stalker  
  113  9:32  Stalker, Zealot  
  113  9:35  Assimilator  
  119  9:42  Void Ray  
  123  10:37  Void Ray  
  123  10:38  Pylon  
  123  10:41  Pylon  
  127  10:48  Pylon  
  127  10:50  Pylon, Void Ray  
  127  10:54  Pylon  
  127  10:56  Protoss Air Armor Level 1  
  131  10:59  Pylon  
  131  11:20  Void Ray  
  131  11:24  Zealot  
  131  11:25  Zealot x2  
  141  11:51  Protoss Shields Level 2  
  138  12:00  Void Ray  
  142  12:03  Void Ray  
  142  12:05  Zealot x3  
  151  12:28  Zealot x3  
  151  12:43  Void Ray  
  119  12:46  Void Ray  
  83  12:59  Stalker x2  
  83  13:00  Stalker  
  75  13:14  Probe  
  76  13:21  Nexus  
  76  13:24  Probe  
  77  13:27  Stargate  
  77  13:29  Gateway  
  77  13:31  Gateway  
  77  13:33  Gateway  
  77  13:35  Gateway, Probe  
  77  13:36  Nexus  
  77  13:38  Gateway  
  77  13:40  Gateway  
  74  13:45  Probe  
  71  14:00  Void Ray (Chrono Boost)  
  75  14:03  Zealot x2  
  75  14:04  Void Ray (Chrono Boost)  
  75  14:07  Zealot  
  81  14:29  Assimilator  
  81  14:31  Probe  
  81  14:34  Assimilator  
  82  14:41  Probe  
  87  14:47  Probe  
  87  14:49  Void Ray (Chrono Boost)  
  87  14:52  Probe  
  88  14:54  Probe, Assimilator  
  88  14:56  Assimilator  
  88  14:58  Probe  
  91  15:02  Probe  
  92  15:08  Probe  
Tags
 
Add a new tag
Caveats
  • Supply blocks, unpowered buildings, or Contaminate may cause inaccurate times.
  • Supply counts are checked every 10 seconds.